 Dungeon Crawl Stone Soup version 0.31-a0-1112-ga3593d9213 (webtiles) character file.

Game seed: 6264549342733215120

429 ChronoRanger the Covered (level 6, -9/56 HPs)
             Began as a Minotaur Fighter on Dec 4, 2023.
             Was an Initiate of Trog.
             Mangled by Menkaure (17 damage)
             ... on level 4 of the Dungeon.
             The game lasted 00:10:52 (2644 turns).

ChronoRanger the Covered (Minotaur Fighter)         Turns: 2644, Time: 00:10:52

Health: -9/56      AC:  7    Str: 22    XL:     6   Next: 66%
Magic:  5/5        EV:  9    Int:  5    God:    Trog [......]
Gold:   107        SH:  0    Dex: 10    Spells: 5/5 levels left

rFire   . . .        m - +1 scythe (vamp)
rCold   . . .        (shield currently unavailable)
rNeg    + . .        b - +0 scale mail
rPois   .            (helmet restricted)
rElec   .            (no cloak)
rCorr   .            (no gloves)
SInv    .            (no boots)
Will    .....        (no amulet) Stlth
                     n - ring of positive energy
HPRegen 0.29/turn    (no ring)
MPRegen 0.09/turn

%: no passive effects
@: mighty
A: horns 2, retaliatory headbutt
a: Renounce Religion


You were on level 4 of the Dungeon.
You worshipped Trog.
Trog was noncommittal.
You visited 2 branches of the dungeon, and saw 5 of its levels.

You collected 107 gold pieces.

Inventory:

Hand Weapons
 a - a +1 flail
 m - a +1 vampiric scythe (weapon)
Missiles
 f - 4 poisoned darts
Armour
 b - a +0 scale mail (worn)
 c - a +0 buckler
Jewellery
 n - a ring of positive energy (left hand)
Wands
 k - a wand of iceblast (5)
Scrolls
 g - a scroll of poison
 o - a scroll of blinking {unknown}
Potions
 d - a potion of might
 e - 2 potions of degeneration {unknown}
 h - 3 potions of enlightenment
 i - a potion of ambrosia {unknown}
 j - a potion of curing {unknown}
 l - a potion of lignification {unknown}


   Skills:
 + Level 5.2 Fighting
 - Level 5.1 Maces & Flails
 * Level 2.5 Polearms
 + Level 5.3 Armour
 - Level 5.0 Shields


You had 5 spell levels left.
You didn't know any spells.
Your spell library was empty.

Dungeon Overview and Level Annotations

Branches:
Dungeon (4/15)             Temple (1/1) D:4

Altars:
Ashenzari
Dithmenos
Elyvilon
Fedhas
Gozag
Hepliaklqana
Makhleb
Nemelex Xobeh
Qazlal
Ru
Sif Muna
Trog
Uskayaw
Vehumet
Wu Jian
Yredelemnul
Zin

Shops:
D:2 =

Annotations:
D:4 exclusion: statue, Menkaure


Innate Abilities, Weirdness & Mutations

You have a pair of horns on your head.
You reflexively headbutt those who attack you in melee.


Message History

You hit Ijyb but do no damage. You headbutt Ijyb, but do no damage.
Ijyb is heavily wounded.
Ijyb hits you with a +2 dagger of speed.
An iguana comes into view.
Ijyb barely misses you.
The iguana hisses angrily.
You hit Ijyb.
You feel better.
Ijyb is severely wounded.
Ijyb hits you with a +2 dagger of speed.
Menkaure calls on the powers of darkness!
The iguana convulses!
The ball python convulses!
Ijyb convulses!
Your body is wracked with pain!
Ijyb screams, "I no like you!"
Ijyb hits you with a +2 dagger of speed.
You puncture Ijyb!
You feel better.
You kill Ijyb!
Trog accepts your kill.
A giant cockroach comes into view.
Menkaure calls on the powers of darkness!
The iguana convulses!
The giant cockroach convulses!
Your body is wracked with pain!
* * * LOW HITPOINT WARNING * * *
The ball python closely misses you. The ball python grabs you.
The ball python constricts you.
You are too injured to fight recklessly!
You barely miss the ball python.
The ball python is moderately wounded.
The ball python bites you but does no damage.
The ball python constricts you.
You feel very mighty all of a sudden. The ball python barely misses you.
The ball python constricts you.
An ice beast comes into view.
The ball python barely misses you. You furiously retaliate!
You headbutt the ball python!
You kill the ball python!
Trog accepts your kill. The iguana bites you!
* * * LOW HITPOINT WARNING * * *
Menkaure hits you!
You die...

.....######
..........#
..........+
..........# ###+
.......... #...
....B.... #...
.....YMl# #..# #@#
#..# #.## #..#
#..## #..# ##..#
#####.# ##.##
#.....# #..##
#.###.#
####..######.# #.#
#.........##.# #.#
##.........##.###..


You could see an ice beast, Menkaure (fast), an iguana and a giant cockroach.

Vanquished Creatures
  Sigmund (D:3)
  A black bear (D:4)
  A scorpion (D:4)
  Ijyb (D:4)
  An adder (D:2)
  4 worms (D:2)
  2 dart slugs
  An orc (D:3)
  3 ball pythons
  5 bats
  3 endoplasms
  2 giant cockroaches
  8 goblins
  6 hobgoblins
  2 jackals (D:2)
  5 kobolds
  2 quokkas
  8 frilled lizards
  7 rats
63 creatures vanquished.

Notes
Turn   | Place    | Note
-------+----------+-------------------------------------------
     0 | D:1      | ChronoRanger the Minotaur Fighter began the quest for the
                  | Orb.
     0 | D:1      | Reached XP level 1. HP: 19/19 MP: 0/0
   197 | D:1      | Reached XP level 2. HP: 27/27 MP: 1/1
   650 | D:2      | Reached XP level 3. HP: 33/33 MP: 2/2
   910 | D:2      | Found Witat's Jewellery Boutique.
  1401 | D:2      | Reached XP level 4. HP: 37/40 MP: 3/3
  1641 | D:3      | Found a glowing silver altar of Zin.
  1749 | D:3      | Noticed Sigmund
  1757 | D:3      | Killed Sigmund
  1758 | D:3      | Reached skill level 5 in Maces & Flails
  1758 | D:3      | Reached XP level 5. HP: 47/47 MP: 4/4
  2014 | D:3      | Found a sacrificial altar of Ru.
  2033 | D:3      | Found a white marble altar of Elyvilon.
  2338 | D:4      | Found a radiant altar of Vehumet.
  2338 | D:4      | Noticed a charred statue
  2338 | D:4      | Noticed a black bear
  2347 | D:4      | Killed a black bear
  2348 | D:4      | Reached skill level 5 in Fighting
  2348 | D:4      | Reached skill level 1 in Polearms
  2348 | D:4      | Reached skill level 5 in Armour
  2348 | D:4      | Reached skill level 5 in Shields
  2348 | D:4      | Reached XP level 6. HP: 22/56 MP: 5/5
  2534 | D:4      | Found a staircase to the Ecumenical Temple.
  2541 | Temple   | Entered the Ecumenical Temple
  2584 | Temple   | Became a worshipper of Trog the Wrathful
  2635 | D:4      | Noticed Ijyb
  2637 | D:4      | Noticed Menkaure
  2641 | D:4      | Killed Ijyb
  2643 | D:4      | Noticed an ice beast
  2644 | D:4      | Mangled by Menkaure

Illustrated notes

Levels and vault maps discovered:
D:1:      heliophobic_arrival_glass_houses, layout_basic, minmay_pentomino_q2
D:2:      layout_basic, serial_shops, nicolae_shop_advertising_works
          [nicolae_subvault_shop_adworks], hangedman_decor_riveting
D:3:      layout_rooms, mainiacjoe_overflow_cross_hatched,
          mainiacjoe_overflow_surrounded_room, nicolae_overflow_crystal_walls,
          minivault_23, uniq_sigmund
D:4:      layout_basic, vehumet_statue, minmay_temple_entry_nine_rooms,
          minmay_misc_feat_ornament, uniq_natasha, uniq_menkaure, uniq_ijyb
Temple:   compressed_dpeg_triangle_lava_temple

Skill      XL: |  1  2  3  4  5  6 |
---------------+-------------------+-----
Maces & Flails | 3 5 |  5.1
Armour         | 4 5 |  5.3
Shields        | 4 5 |  5.0
Fighting       | 4 5 |  5.2
Polearms       | 1 2 |  2.5

Action                     |  1- 3 |  4- 6 || total
---------------------------+-------+-------++-------
  Melee: Flail             |    87 |    17 ||   104
         Headbutt          |    11 |     6 ||    17
         Halberd           |       |    27 ||    27
    Use: Scroll            |       |     5 ||     5
         Potion            |       |     2 ||     2
 Armour: Scale mail        |    43 |    48 ||    91
  Dodge: Dodged            |    26 |    28 ||    54
  Block: Buckler           |     9 |     2 ||    11

Table legend: (Time is in decaauts)
 A = Elapsed time spent in this place.
 B = Non-inter-level travel time spent in this place.
 C = Inter-level travel time spent in this place.
 D = Time resting spent in this place.
 E = Time spent auto-exploring this place.
 F = Levels seen in this place.
 G = Mean time per level.
                   A        B        C        D        E       F      G
               +--------+--------+--------+--------+--------+-----+--------+
         Total |   2683 |   2544 |    139 |    116 |   1571 |   5 |  536.6 |
       Dungeon |   2623 |   2499 |    124 |    116 |   1571 |   4 |  655.8 |
        Temple |     59 |     44 |     15 |      0 |      0 |   1 |   59.0 |
               +--------+--------+--------+--------+--------+-----+--------+

Top non-repeatable levels by time:
     D:2: 903 daAuts
     D:3: 668 daAuts
     D:1: 650 daAuts
     D:4: 400 daAuts
  Temple: 59 daAuts
